Map: Sanctuary III LE

Players

Angulem

  • Race: Zerg Zerg
  • League: Silver
  • Spawn Location: 7:00

GhostRobo - Winner!

  • Race: Terran Terran
  • League: Silver
  • Spawn Location: 1:00

VOD

Have the link to the VOD?

Description

Time

  • Played on: July 11, 2026, 3:18 a.m.
  • Length: 11:36
Show
View Real Time Build Order
Export as new Build Order

Angulem Zerg 

Build Orders: Hatch First 

Get SALT Encoding   

  8  0:08  Drone  
  8  0:12  Drone  
  10  0:17  Drone  
  11  0:32  Drone  
  12  0:36  Extractor  
  12  0:39  Overlord  
  11  0:56  Drone  
  12  1:06  Drone x2  
  14  1:20  Drone x2  
  16  1:35  Hatchery  
  15  1:44  Drone  
  15  1:45  Drone  
  17  1:52  Drone  
  18  2:07  Spawning Pool  
  17  2:11  Drone  
  17  2:13  Drone  
  19  2:35  Drone  
  19  2:36  Overlord  
  20  3:02  Queen  
  22  3:20  Zergling x6  
  22  3:21  Metabolic Boost  
  25  3:55  Lair  
  25  4:01  Roach Warren  
  25  4:02  Overlord  
  24  4:03  Drone x5  
  29  4:17  Queen  
  29  4:19  Overlord  
  31  4:43  Overlord  
  31  4:44  Roach x4  
  31  4:45  Roach  
  41  5:05  Roach  
  41  5:06  Roach x4  
  50  5:23  Extractor  
  50  5:27  Overlord  
  49  5:29  Roach x3  
  54  5:52  Ravager x2  
  56  6:10  Zergling x6  
  56  6:11  Zergling x8  
  46  7:01  Roach x6  
  39  7:52  Pneumatized Carapace  
  39  8:13  Baneling Nest  
  39  8:16  Drone x3  
  39  8:17  Drone x5  
  46  8:31  Extractor x2  
  46  8:34  Drone x5  
  46  8:35  Overlord  
  46  8:36  Overlord x3  
  49  8:56  Zergling x10  
  54  9:05  Drone x3  
  54  9:08  Drone x3  
  54  9:09  Queen x2  
  60  9:11  Overlord  
  64  9:23  Roach x2  
  66  9:30  Roach x5  
  76  9:31  Roach  
  76  9:32  Roach x2  
  82  9:39  Spine Crawler  
  82  9:45  Spine Crawler  
  79  9:46  Spine Crawler  
  79  9:49  Roach  
  79  9:50  Roach x3  
  75  9:57  Zergling x2, Roach x3  
  69  10:19  Zergling x4  
  69  10:20  Zergling x8  
  75  10:32  Roach x3  
  75  10:33  Roach x2  
  85  10:35  Ravager x3  
  85  10:36  Ravager x4  
  59  10:58  Zergling x2, Roach  
  59  10:59  Zergling x4, Roach x3  
Show
View Real Time Build Order
Export as new Build Order

GhostRobo Terran - Winner!

Build Orders: Reaper Expand 

Get SALT Encoding   

  8  0:00  SCV  
  9  0:12  SCV  
  10  0:24  SCV  
  11  0:30  Supply Depot  
  11  0:37  SCV  
  12  0:49  SCV  
  13  0:57  Barracks  
  13  1:05  Refinery  
  13  1:08  SCV  
  14  1:20  SCV  
  15  1:32  SCV  
  16  1:45  Orbital Command  
  16  1:47  Reaper  
  17  2:12  Command Center  
  17  2:18  SCV  
  18  2:26  Marine  
  18  2:27  Supply Depot  
  19  2:31  SCV  
  20  2:50  Factory  
  20  2:53  Barracks Reactor  
  20  3:05  SCV  
  20  3:17  SCV  
  21  3:25  Orbital Command  
  21  3:29  SCV  
  21  3:30  Supply Depot  
  22  3:34  Refinery  
  22  3:38  Factory Tech Lab  
  22  3:41  Starport, SCV  
  22  3:42  Marine  
  22  3:44  Marine  
  25  3:51  SCV  
  25  3:53  SCV  
  27  4:01  Marine  
  28  4:03  SCV  
  28  4:06  SCV  
  28  4:08  Siege Tank  
  33  4:15  SCV  
  34  4:18  SCV  
  34  4:21  Supply Depot  
  35  4:27  SCV, Viking  
  35  4:30  SCV  
  39  4:39  SCV  
  39  4:42  SCV  
  41  4:51  SCV  
  42  4:54  SCV  
  42  4:58  Barracks  
  43  5:00  Barracks  
  43  5:01  Barracks  
  43  5:02  Barracks  
  43  5:03  SCV  
  43  5:05  Supply Depot  
  44  5:09  Supply Depot  
  44  5:15  Marine x2  
  44  5:17  Siege Tank  
  44  5:20  Starport Reactor  
  49  5:25  SCV x2  
  51  5:32  Refinery, Marine  
  51  5:33  Marine, Supply Depot, Refinery  
  53  5:42  SCV x2  
  54  5:48  Engineering Bay  
  54  5:50  Engineering Bay  
  54  5:52  Barracks Tech Lab x2  
  54  5:53  Barracks Reactor x2  
  54  5:55  Marine  
  55  5:57  Medivac  
  55  5:59  SCV  
  55  6:03  SCV  
  59  6:06  Marine  
  60  6:11  SCV  
  60  6:13  Marine  
  60  6:17  SCV  
  63  6:20  Combat Shield, Stimpack  
  63  6:22  Terran Infantry Weapons Level 1  
  63  6:23  SCV  
  64  6:29  SCV  
  64  6:31  Terran Infantry Armor Level 1  
  65  6:35  SCV  
  64  6:42  SCV  
  64  6:46  Marine  
  63  6:47  Marine x7, SCV  
  63  6:54  SCV  
  71  7:00  SCV  
  70  7:04  Marine  
  70  7:05  Marine x2  
  72  7:09  Marine x2  
  72  7:10  Marine  
  72  7:12  Marine  
  72  7:15  Orbital Command  
  72  7:54  Supply Depot  
  72  7:57  Supply Depot  
  72  8:15  Marine x2  
  72  8:16  Supply Depot  
  72  8:18  Marine, Medivac, Supply Depot, Siege Tank, Marauder  
  72  8:19  Supply Depot  
  82  8:38  Marine x4, Medivac, Marauder  
  82  8:39  Marine x3  
  82  8:40  SCV x2, Supply Depot  
  95  8:43  Supply Depot  
  95  8:48  Medivac  
  97  8:50  Siege Tank  
  97  8:52  SCV x2  
  102  8:55  Marine x4  
  102  9:01  Marine x2  
  102  9:02  Marauder x2  
  112  9:04  SCV  
  112  9:05  Supply Depot  
  112  9:07  Supply Depot  
  112  9:08  Medivac  
  115  9:11  Supply Depot  
  115  9:15  Missile Turret  
  115  9:23  Marauder x2  
  118  9:31  Marine x5  
  118  9:32  Marine, Siege Tank  
  127  9:44  Marauder x2  
  125  9:55  Marine x6  
  129  10:05  Siege Tank, Marine  
  129  10:06  Marauder  
  132  10:13  Marine x6  
  138  10:23  Marine  
  138  10:27  Marine  
  140  10:30  Marine  
  140  10:31  Marine x3  
  144  10:41  Siege Tank  
  138  11:03  Marine x8  
  144  11:12  Supply Depot  
  144  11:14  Supply Depot x2  
  144  11:17  Supply Depot  
Tags
 
Add a new tag
Caveats
  • Supply blocks, unpowered buildings, or Contaminate may cause inaccurate times.
  • Supply counts are checked every 10 seconds.